 Dungeon Crawl Stone Soup version bcrawl-1.19.2-6-g6a88ae04c9 (webtiles) character file.

Game seed: 4645516826756819835

1836 Mrkan the Fighter (level 9, -1/81 HPs)
             Began as a Gnoll Wanderer on Dec 21, 2019.
             Was a Follower of Ashenzari.
             Slain by a manticore (6 damage)
             ... on level 7 of the Dungeon.
             The game lasted 00:11:21 (7577 turns).

Mrkan the Fighter (Gnoll Wanderer)                  Turns: 7577, Time: 00:11:22

Health: -1/81      AC: 17    Str: 21    XL:     9   Next: 11%
Magic:  14/14      EV: 10    Int: 11    God:    Ashenzari [*.....]
Gold:   445        SH:  1    Dex: 15    Spells: 15/15 levels left

rFire    + . .     SeeInvis .   a - +3 falchion (curse)
rCold    x . .     Gourm    .   (no shield)
rNeg     . . .     Faith    .   C - +3 chain mail {MR+} (curse)
rPois    .         Spirit   .   t - +1 hat (curse)
rElec    .         Reflect  .   m - +0 cloak (curse)
rCorr    .         Harm     .   (no gloves)
MR       +....                  (no boots)
Stlth    ..........             (no amulet)
HPRegen  0.23/turn              e - +3 ring of protection (curse)
MPRegen  0.14/turn              r - ring of fire

@: no status effects
A: distributed training, fangs 1, strong nose
a: Curse Item, Scrying, Renounce Religion


You were on level 7 of the Dungeon.
You worshipped Ashenzari.
Ashenzari was aware of your devotion.
You were not hungry.

You visited 1 branch of the dungeon, and saw 7 of its levels.

You collected 445 gold pieces.

Inventory:

Hand Weapons
 a - a cursed +3 falchion (weapon)
 B - a +2 dire flail of protection
Missiles
 D - a throwing net (quivered) {!f}
Armour
 m - a cursed +0 cloak (worn)
 t - a cursed +1 hat (worn)
 C - a cursed +3 chain mail of magic resistance (worn)
Jewellery
 e - a cursed +3 ring of protection (left hand)
 r - a ring of fire (right hand)
Scrolls
 d - a scroll of fear {unknown}
 g - 6 scrolls of identify
 i - 6 scrolls of teleportation
 j - 2 scrolls of enchant weapon
 n - a scroll of magic mapping
Potions
 b - 2 potions of agility
 c - a potion of flight
 h - a potion of ambrosia {unknown}
 k - a potion of mutation {unknown}
 l - a potion of haste {unknown}
 o - a potion of magic {unknown}
 p - 2 potions of heal wounds
 q - 2 potions of brilliance
 v - 2 potions of might
 w - a potion of berserk rage {unknown}
 x - 4 potions of curing
Comestibles
 f - 10 rations {!d}


   Skills:
 + Level 11.0 Fighting
 + Level 3.8 Short Blades
 + Level 4.7 Long Blades
 + Level 3.8 Axes
 + Level 4.7 Maces & Flails
 + Level 3.8 Polearms
 + Level 3.8 Staves
 + Level 3.8 Slings
 + Level 3.8 Bows
 + Level 3.8 Crossbows
 + Level 3.8 Throwing
 + Level 3.8 Armour
 + Level 4.7 Dodging
 + Level 3.8 Stealth
 + Level 4.7 Shields
 + Level 3.8 Unarmed Combat
 + Level 3.8 Spellcasting
 + Level 3.1 Conjurations
 + Level 3.1 Hexes
 + Level 3.1 Charms
 + Level 3.1 Summonings
 + Level 3.1 Necromancy
 + Level 3.1 Translocations
 + Level 3.1 Transmutations
 + Level 3.1 Fire Magic
 + Level 3.1 Ice Magic
 + Level 3.1 Air Magic
 + Level 3.1 Earth Magic
 + Level 3.1 Poison Magic
 + Level 4.2 Invocations
 + Level 4.7 Evocations


You had 15 spell levels left.
You didn't know any spells.
Your spell library was empty.

Dungeon Overview and Level Annotations

Branches:
Dungeon (7/12)             Temple (0/1) D:6
   Lair: D:7-9

Altars:
Ashenzari
Elyvilon
Fedhas
Lugonu
Nemelex Xobeh
Okawaru
Qazlal
Sif Muna
Trog
Vehumet
Xom
Yredelemnul

Annotations:
D:7 1 runed door


Innate Abilities, Weirdness & Mutations

Your experience applies equally to all skills.
You have very sharp teeth.
Your uncanny sense of smell can sniff out nearby items.


Message History

The manticore bites you! The manticore barely misses you.
The manticore claws you but does no damage.
You hit the manticore but do no damage.
The manticore is heavily wounded.
The crimson imp blinks!
The manticore bites you!
The manticore claws you but does no damage.
The manticore claws you.
* * * LOW HITPOINT WARNING * * *
You slash the manticore!
You bite the manticore, but do no damage.
The manticore is severely wounded.
The manticore bites you!
* * * LOW HITPOINT WARNING * * *
The manticore claws you but does no damage. x2
You hit the manticore but do no damage.
The manticore is severely wounded.
The manticore barely misses you. The manticore claws you.
* * * LOW HITPOINT WARNING * * *
The manticore claws you.
You die...

#..###..# ∆ ∆ ∆ #
###......## #
#....##..# ##
#....##.## # #.
#....#..#####$# ##.
#....#.###..#.# ∆#..
#....^.#.'..+.# ∆##.#
###...##H#..## #..#
#...#@######### ##..#
#...#§........# #...#
#....#############.#..
#..................###
###..#############...#
# #.....####
########.## #
#........# #........#
# #........#
#........# #
###......###........#
#


You could see a manticore.

Vanquished Creatures
  A deep elf mage (D:7)
  A hippogriff (D:6)
  A basilisk (D:7)
  Edmund (D:6)
  A phantom (D:6)
  A centaur (D:6)
  A big kobold (D:6)
  2 bullfrogs
  A scorpion (D:6)
  A howler monkey (D:5)
  2 crimson imps
  2 hounds
  2 jellies
  6 iguanas
  2 hound skeletons
  4 gnolls (D:5)
  5 adders
  3 shadow imps
  An ooze (D:2)
  2 worms
  5 dart slugs
  4 leopard geckos
  11 orcs
  3 giant cockroaches
  6 goblins
  4 hobgoblins
  8 jackals
  10 kobolds
  2 quokkas (D:2)
  3 bats
  3 frilled lizards
  A jackal skeleton (D:4)
  8 rats
108 creatures vanquished.

Notes
Turn   | Place    | Note
-------+----------+-------------------------------------------
     0 | D:1      | Reached skill level 10 in Fighting
     0 | D:1      | Mrkan the Gnoll Wanderer began the quest for the Orb.
     0 | D:1      | Mrkan set off with the following items: a +2 falchion, a
                  | potion of agility, a potion of flight, a +0 robe, a ration
                  | {!d}
     0 | D:1      | Reached XP level 1. HP: 28/28 MP: 2/2
   202 | D:1      | Reached XP level 2. HP: 36/36 MP: 3/3
   464 | D:1      | Reached XP level 3. HP: 36/42 MP: 4/4
  1004 | D:2      | Found a basalt altar of Yredelemnul.
  1063 | D:2      | Found a white marble altar of Elyvilon.
  1155 | D:2      | Found a shimmering blue altar of Sif Muna.
  1189 | D:2      | Reached skill level 1 in Invocations
  1253 | D:2      | Found a bloodstained altar of Trog.
  1276 | D:2      | Found a sparkling altar of Nemelex Xobeh.
  1381 | D:2      | Reached skill level 1 in Short Blades
  1381 | D:2      | Reached skill level 1 in Axes
  1381 | D:2      | Reached skill level 1 in Polearms
  1381 | D:2      | Reached skill level 1 in Staves
  1381 | D:2      | Reached skill level 1 in Slings
  1381 | D:2      | Reached skill level 1 in Bows
  1381 | D:2      | Reached skill level 1 in Crossbows
  1381 | D:2      | Reached skill level 1 in Throwing
  1381 | D:2      | Reached skill level 1 in Armour
  1381 | D:2      | Reached skill level 1 in Stealth
  1381 | D:2      | Reached skill level 1 in Unarmed Combat
  1381 | D:2      | Reached skill level 1 in Spellcasting
  1392 | D:2      | Reached XP level 4. HP: 33/48 MP: 6/6
  1740 | D:2      | Found a stormy altar of Qazlal.
  2241 | D:3      | Reached skill level 1 in Conjurations
  2241 | D:3      | Reached skill level 1 in Hexes
  2241 | D:3      | Reached skill level 1 in Charms
  2241 | D:3      | Reached skill level 1 in Summonings
  2241 | D:3      | Reached skill level 1 in Necromancy
  2241 | D:3      | Reached skill level 1 in Translocations
  2241 | D:3      | Reached skill level 1 in Transmutations
  2241 | D:3      | Reached skill level 1 in Fire Magic
  2241 | D:3      | Reached skill level 1 in Ice Magic
  2241 | D:3      | Reached skill level 1 in Air Magic
  2241 | D:3      | Reached skill level 1 in Earth Magic
  2241 | D:3      | Reached skill level 1 in Poison Magic
  2677 | D:3      | Found a radiant altar of Vehumet.
  2981 | D:4      | Reached XP level 5. HP: 45/54 MP: 7/7
  3028 | D:4      | Found an iron altar of Okawaru.
  3730 | D:5      | Entered Level 5 of the Dungeon
  3742 | D:5      | Reached XP level 6. HP: 49/61 MP: 8/8
  4115 | D:5      | Reached XP level 7. HP: 19/67 MP: 10/10
  4449 | D:5      | Found a blossoming altar of Fedhas.
  4449 | D:5      | Found a stormy altar of Qazlal.
  4608 | D:5      | Found a shattered altar of Ashenzari.
  4611 | D:5      | Became a worshipper of Ashenzari the Shackled
  4925 | D:6      | Found a staircase to the Ecumenical Temple.
  5024 | D:6      | Noticed a hippogriff
  5041 | D:6      | Killed a hippogriff
  5374 | D:6      | Reached XP level 8. HP: 71/74 MP: 12/12
  5673 | D:6      | Noticed Edmund
  5733 | D:6      | Killed Edmund
  6215 | D:7      | Found a corrupted altar of Lugonu.
  6272 | D:7      | Reached * piety under Ashenzari
  6458 | D:7      | Noticed a deep elf mage
  6505 | D:7      | HP: 2/74 [deep elf mage/stone arrow (15)]
  6890 | D:7      | Killed a deep elf mage
  6890 | D:7      | Reached XP level 9. HP: 74/79 MP: 14/14
  6920 | D:7      | Found a runed door.
  6926 | D:7      | Found a runed door.
  6926 | D:7      | Noticed a manticore
  7185 | D:7      | Reached skill level 11 in Fighting
  7440 | D:7      | Found a glowing silver altar of Zin.
  7442 | D:7      | Found a shimmering altar of Xom.
  7442 | D:7      | Found a sparkling altar of Nemelex Xobeh.
  7444 | D:7      | Found a white marble altar of Elyvilon.
  7444 | D:7      | Found a shimmering blue altar of Sif Muna.
  7444 | D:7      | Found a shimmering altar of Xom.
  7577 | D:7      | Slain by a manticore

Skill      XL: |  1  2  3  4  5  6  7  8  9 |
---------------+----------------------------+-----
Fighting       | 11 | 11.0
Invocations    | 1 2 3 4 |  4.2
Short Blades   | 1 2 3 |  3.8
Axes           | 1 2 3 |  3.8
Polearms       | 1 2 3 |  3.8
Staves         | 1 2 3 |  3.8
Slings         | 1 2 3 |  3.8
Bows           | 1 2 3 |  3.8
Crossbows      | 1 2 3 |  3.8
Throwing       | 1 2 3 |  3.8
Armour         | 1 2 3 |  3.8
Stealth        | 1 2 3 |  3.8
Unarmed Combat | 1 2 3 |  3.8
Spellcasting   | 1 2 3 |  3.8
Conjurations   | 1 2 3 |  3.1
Hexes          | 1 2 3 |  3.1
Charms         | 1 2 3 |  3.1
Summonings     | 1 2 3 |  3.1
Necromancy     | 1 2 3 |  3.1
Translocations | 1 2 3 |  3.1
Transmutations | 1 2 3 |  3.1
Fire Magic     | 1 2 3 |  3.1
Ice Magic      | 1 2 3 |  3.1
Air Magic      | 1 2 3 |  3.1
Earth Magic    | 1 2 3 |  3.1
Poison Magic   | 1 2 3 |  3.1
Long Blades    | 3 4 |  4.7
Maces & Flails | 3 4 |  4.7
Dodging        | 3 4 |  4.7
Shields        | 3 4 |  4.7
Evocations     | 3 4 |  4.7

Action                   |  1- 3 |  4- 6 |  7- 9 || total
-------------------------+-------+-------+-------++-------
Melee: Falchion          |   100 |   173 |   233 ||   506
       Bite              |    10 |    17 |    39 ||    66
       Punch             |       |     3 |     2 ||     5
Invok: Curse Item        |       |       |     6 ||     6
  Use: Scroll            |       |       |    13 ||    13
 Stab: Sleeping          |     3 |     2 |       ||     5
  Eat: Chunk             |     2 |     8 |     8 ||    18
       Ration            |       |       |     1 ||     1
Armor: Robe              |    16 |     7 |       ||    23
       Leather armour    |       |    26 |       ||    26
       Chain mail        |       |       |   100 ||   100
Dodge: Dodged            |    59 |   119 |   101 ||   279
Block: Other             |     1 |     4 |     4 ||     9
